 Dungeon Crawl Stone Soup version 0.31-a0-1576-ga3383bade6 (webtiles) character file.

Game seed: 6753857794448949032

3937 Borgoz the Carver (level 10, -6/90 HPs)
             Began as a Minotaur Gladiator on Jan 4, 2024.
             Shot with a bolt by an orc (11 damage)
             ... in a bailey.
             The game lasted 00:11:01 (7194 turns).

Borgoz the Carver (Minotaur Gladiator)              Turns: 7194, Time: 00:11:02

Health: -6/90      AC: 11    Str: 22    XL:     10   Next: 1%
Magic:  9/9        EV: 21    Int:  5    God:
Gold:   594        SH:  0    Dex: 13    Spells: 9/9 levels left

rFire   . . .        a - +1 long sword
rCold   . . .        (no shield)
rNeg    . . .        f - +0 chain mail
rPois   .            c - +0 hat
rElec   .            (no cloak)
rCorr   .            r - +0 pair of gloves
SInv    .            (no boots)
Will    .....        (no amulet) Stlth
                     h - +5 ring of evasion
HPRegen 0.35/turn    q - +5 ring of evasion
MPRegen 0.11/turn

%: no passive effects
@: mighty, studying Air Magic, very slow
A: horns 2, retaliatory headbutt
a: no special abilities


You were in a bailey.
You visited 2 branches of the dungeon, and saw 10 of its levels.
You also visited: Bailey.

You collected 594 gold pieces.

Inventory:

Hand Weapons
 a - a +1 long sword (weapon)
Missiles
 d - 2 throwing nets (quivered)
 e - 5 javelins
Armour
 c - a +0 hat (worn)
 f - a +0 chain mail (worn)
 r - a +0 pair of gloves (worn)
Jewellery
 h - a +5 ring of evasion (left hand)
 l - a ring of see invisible
 o - a ring of resist corrosion
 q - a +5 ring of evasion (right hand)
 t - an amulet of faith
 u - a ring of ice
Wands
 p - a wand of digging (2)
 v - a wand of polymorph (3)
 x - a wand of iceblast (9)
 z - a wand of paralysis (8)
Scrolls
 j - a scroll of poison
 w - a scroll of amnesia
Potions
 b - 2 potions of magic
 g - a potion of degeneration {unknown}
 i - a potion of resistance {unknown}
 m - a potion of invisibility {unknown}
 n - a potion of mutation {unknown}
 A - a potion of enlightenment {unknown}


   Skills:
 * Level 8.4 Fighting
 * Level 8.9 Long Blades
 - Level 4.8 Throwing
 * Level 5.9 Armour
 * Level 8.2 Dodging
 + Level 3.0 Stealth
 + Level 3.0 Evocations


You had 9 spell levels left.
You didn't know any spells.
Your spell library contained the following spells:

 Spells                   Type           Power      Damage    Failure   Level
 Slow                     Hex            0%         N/A       97%         1
 Blink                    Tloc           0%         N/A       99%         2
 Lesser Beckoning         Tloc           0%         N/A       99%         2
 Momentum Strike          Conj/Tloc      0%         3d8       99%         2
 Confusing Touch          Hex            0%         N/A       100%        3
 Sigil of Binding         Hex            0%         N/A       100%        3
 Tukima's Dance           Hex            0%         N/A       100%        3
 Vampiric Draining        Necr           0%         2d6       100%        3
 Passage of Golubria      Tloc           0%         N/A       100%        4
 Yara's Violent Unravell  Hex/Alch       0%         3d3       100%        5
 Haunt                    Necr/Summ      0%         N/A       100%        7
 Borgnjor's Revivificati  Necr           0%         N/A       100%        8
 Death's Door             Necr           0%         N/A       100%        9


Dungeon Overview and Level Annotations

Branches:
Dungeon (9/15)             Temple (1/1) D:6          Bailey (1/1)
   Lair: D:8-11         Orc: D:9-12

Altars:
Ashenzari
Cheibriados
Dithmenos
Elyvilon
Fedhas
Gozag
Hepliaklqana
Kikubaaqudgha
Nemelex Xobeh
Okawaru
Qazlal
Ru
Sif Muna
Trog
Uskayaw
Vehumet
Wu Jian
Xom
Yredelemnul
Zin
The Shining One

Shops:
D:1 :


Innate Abilities, Weirdness & Mutations

You have a pair of horns on your head.
You reflexively headbutt those who attack you in melee.


Message History

The bolt misses you.
The orc warrior shoots a bolt.
The bolt completely misses you.
The orc warrior shoots a bolt.
The bolt hits you!
The orc shoots a bolt.
The bolt misses you.
You enter the shallow water.
Moving in this stuff is going to be slow.
The orc warrior unwields a +0 arbalest.
The orc warrior splashes around in the water.
The orc warrior shoots a bolt.
The bolt hits you but does no damage.
The orc unwields a +0 arbalest.
The orc closely misses you. You furiously retaliate!
You headbutt the orc, but do no damage.
The orc warrior unwields a +0 arbalest.
The orc warrior splashes around in the water.
Your unstable footing causes you to fumble your attack.
The orc warrior splashes around in the water.
The orc warrior shoots a bolt.
The bolt hits you! The orc hits you but does no damage.
You are too injured to fight recklessly!
You are too injured to fight recklessly!
You are too injured to fight recklessly!
You are too injured to fight recklessly!
Okay, then.
You feel very mighty all of a sudden. The orc warrior completely misses you.
The orc warrior hits you.
The orc warrior shoots a bolt.
The bolt hits you!
* * * LOW HITPOINT WARNING * * *
The orc shoots a bolt.
The bolt misses you. The orc misses you. You furiously retaliate!
You headbutt the orc!
You kill the orc!
You hear a splash. x2
Your unstable footing causes you to fumble your attack.
The orc warrior splashes around in the water. x2
The orc warrior shoots a bolt.
The bolt hits you!
* * * LOW HITPOINT WARNING * * *
The orc shoots a bolt.
The bolt closely misses you.
You closely miss the orc warrior. Your headbutt misses the orc warrior.
The orc warrior splashes around in the water.
The orc warrior misses you. You furiously retaliate!
You headbutt the orc warrior!
The orc shoots a bolt.
The bolt hits you!
You die...

#.....~~~~~~~
#.....~o~o~~~~
#.....~~~~~~~#
#.....~~~~~~~#
#.....~~~~~~~#
#.....~~~~~~~#
#.....~~~~~~~#
#.....~o~~~~~#
#.....@o~~~~~~
#.....o)~~~~~~
#.....~~~~~~~~
#.....~≈≈~≈≈≈~
#.....≈≈#.##≈~
#.....≈##.∩ ~
#.....≈#.o..
#.....≈##.##≈
#.....≈≈##


You could see 3 orc warriors and 2 orcs.

Vanquished Creatures
  A two-headed ogre (D:8)
  A troll (D:9)
  A wyvern (D:9)
  A steam dragon (D:6)
  2 water moccasins
  An orc warrior (D:8)
  A sky beast (D:3)
  2 ice beasts
  2 ogres
  A centaur (D:8)
  A phantom (D:7)
  2 kobold brigands
  2 gnoll sergeants (D:8)
  A scorpion (D:4)
  A bullfrog (D:6)
  13 wights
  2 howler monkeys
  A gnoll bouda (D:8)
  4 hounds
  3 iguanas
  An orc priest (D:8)
  4 jellies
  A sleepcap (D:5)
  3 orc wizards
  15 gnolls
  6 adders
  2 ufetubi (D:6)
  4 dart slugs
  22 orcs
  7 ball pythons
  8 endoplasms
  5 giant cockroaches
  14 goblins
  13 hobgoblins
  11 jackals
  A quokka (D:1)
  5 bats
  3 frilled lizards
  14 kobolds
  6 rats
188 creatures vanquished.

Vanquished Creatures (others)
  A bombardier beetle (D:7)
1 creature vanquished.

Grand Total: 189 creatures vanquished

Notes
Turn   | Place    | Note
-------+----------+-------------------------------------------
     0 | D:1      | Borgoz the Minotaur Gladiator began the quest for the Orb.
     0 | D:1      | Reached XP level 1. HP: 18/18 MP: 0/0
   236 | D:1      | Found Wiju's Book Boutique.
   247 | D:1      | Reached XP level 2. HP: 24/25 MP: 1/1
   509 | D:1      | Reached XP level 3. HP: 31/31 MP: 2/2
   944 | D:2      | Reached XP level 4. HP: 23/38 MP: 3/3
  1438 | D:3      | Noticed a sky beast
  1454 | D:3      | Killed a sky beast
  1455 | D:3      | Reached XP level 5. HP: 24/46 MP: 4/4
  1572 | D:3      | Found a hazy altar of Hepliaklqana.
  1593 | D:3      | Found a faded altar of an unknown god.
  1870 | D:3      | Reached skill level 5 in Long Blades
  1954 | D:3      | Reached XP level 6. HP: 20/52 MP: 5/5
  2894 | D:4      | Reached skill level 5 in Dodging
  3204 | D:4      | Noticed a water moccasin
  3219 | D:4      | Killed a water moccasin
  3220 | D:4      | Reached skill level 5 in Fighting
  3220 | D:4      | Reached XP level 7. HP: 14/61 MP: 6/6
  3524 | D:4      | Found an opulent altar of Gozag.
  3722 | D:5      | Entered Level 5 of the Dungeon
  4680 | D:5      | Reached skill level 1 in Armour
  4680 | D:5      | Reached XP level 8. HP: 57/70 MP: 7/7
  4949 | D:6      | Found a shimmering blue altar of Sif Muna.
  4949 | D:6      | Found an iron altar of Okawaru.
  4953 | D:6      | Reached skill level 1 in Evocations
  5007 | D:6      | Reached skill level 1 in Stealth
  5204 | D:6      | Found a staircase to the Ecumenical Temple.
  5236 | Temple   | Entered the Ecumenical Temple
  6313 | D:8      | Reached XP level 9. HP: 42/79 MP: 8/8
  6504 | D:8      | Noticed a two-headed ogre
  6517 | D:8      | Killed a two-headed ogre
  6518 | D:8      | Reached skill level 5 in Armour
  7061 | D:8      | You fall into a shaft and drop 1 floor!
  7062 | D:9      | Noticed a troll
  7084 | D:9      | Killed a troll
  7101 | D:9      | Reached XP level 10. HP: 67/90 MP: 9/9
  7114 | D:9      | Found a flagged portal.
  7123 | Bailey   | Entered a bailey
  7194 | Bailey   | Shot with a bolt by an orc

Illustrated notes

Levels and vault maps discovered:
D:1:      wander_arrival_estate, layout_basic, serial_shops, shop
D:2:      layout_loops_ring
D:3:      layout_loops_ring, mainiacjoe_overflow_six_doors_small,
          ebering_ecumenical_altar_hall, kennysheep_pointless_box,
          chequers_serial_rivers_micro_e, eino_curves_03,
          minmay_fractal_squares_5
D:4:      layout_loops_corners, mainiacjoe_overflow_alcove_2,
          minmay_manual_mullet
D:5:      layout_basic
D:6:      layout_rooms, mainiacjoe_overflow_large_starburst, temple_green
D:7:      layout_layer_cave, lemuel_flamethrower_2
D:8:      layout_basic
D:9:      layout_long_grid, enter_bailey_3, minmay_circle_x, uniq_prince_ribbit1
Temple:   sentei_temple_godly_chess
Bailey:   bailey_polearm_2, bailey

Skill      XL: |  1  2  3  4  5  6  7  8  9 |
---------------+----------------------------+-----
Long Blades    | 4 5 6 7 8 |  8.9
Fighting       | 3 4 5 6 7 8 |  8.4
Dodging        | 4 5 6 7 8 |  8.2
Throwing       | 3 4 |  4.8
Armour         | 1 3 5 |  5.9
Evocations     | 1 3 |  3.0
Stealth        | 1 3 |  3.0

Action                     |  1- 3 |  4- 6 |  7- 9 | 10-12 || total
---------------------------+-------+-------+-------+-------++-------
  Melee: Long sword        |   100 |   119 |   307 |     5 ||   531
         Headbutt          |     9 |    13 |    47 |     1 ||    70
         Punch             |     1 |       |     2 |       ||     3
  Throw: Throwing net      |       |     1 |     2 |       ||     3
    Use: Scroll            |     2 |     4 |     8 |       ||    14
         Potion            |     1 |       |     5 |     1 ||     7
   Stab: Held in net/web   |       |     1 |       |       ||     1
 Armour: Chain mail        |    92 |   130 |   187 |    13 ||   422
         Leather armour    |     1 |       |       |       ||     1
  Dodge: Dodged            |    61 |    63 |   371 |    37 ||   532

Table legend: (Time is in decaauts)
 A = Elapsed time spent in this place.
 B = Non-inter-level travel time spent in this place.
 C = Inter-level travel time spent in this place.
 D = Time resting spent in this place.
 E = Time spent auto-exploring this place.
 F = Levels seen in this place.
 G = Mean time per level.
                   A        B        C        D        E       F      G
               +--------+--------+--------+--------+--------+-----+--------+
         Total |   7263 |   7103 |    160 |    960 |   4812 |  11 |  660.3 |
       Dungeon |   7167 |   7016 |    151 |    960 |   4771 |   9 |  796.3 |
        Temple |     25 |     16 |      9 |      0 |      0 |   1 |   25.0 |
        Bailey |     70 |     70 |      0 |      0 |     41 |   1 |   70.0 |
               +--------+--------+--------+--------+--------+-----+--------+

Top non-repeatable levels by time:
     D:4: 1450 daAuts
     D:5: 934 daAuts
     D:3: 875 daAuts
     D:2: 858 daAuts
     D:6: 843 daAuts
     D:8: 820 daAuts
     D:7: 727 daAuts
     D:1: 595 daAuts
  Bailey: 70 daAuts
     D:9: 61 daAuts
  Temple: 25 daAuts
